 Seeded DCSS version 0.30-a0-368-g86fb4627a9 (webtiles) character file.

Game seed: 20221118 (custom seed)

487 Nerdsrcool the Caller (level 7, -2/33 HPs)
             Began as a Vine Stalker Summoner on Nov 18, 2022.
             Was a Believer of Fedhas.
             Slain by a phantom (5 damage)
             ... on level 5 of the Dungeon.
             The game lasted 00:29:56 (3871 turns).

Nerdsrcool the Caller (Vine Stalker Summoner)       Turns: 3871, Time: 00:29:57

Health: -2/33      AC:  4    Str: 10    XL:     7   Next: 13%
Magic:  0/16       EV: 12    Int: 17    God:    Fedhas [**....]
Gold:   109        SH:  0    Dex: 15    Spells: 3/16 levels left

rFire   . . .      SeeInvis .    p - +2 short sword (drain)
rCold   . . .      Faith    .    (no shield)
rNeg    + . .      Spirit   +    a - +0 robe
rPois   .          Reflect  .    (no helmet)
rElec   .          Harm     .    q - +0 cloak
rCorr   .          Rampage  .    y - +0 pair of gloves
Will    +....                    (no boots)
Stlth   ++........               (no amulet)
HPRegen 1.05/turn                r - ring of wizardry
MPRegen 0.15/turn                C - ring of Hulithrim {rN+ Will+}

@: no status effects
A: fangs 2, regeneration 1, magic shield, antimagic bite, no potion heal 2
a: Renounce Religion, Wall of Briars


You were on level 5 of the Dungeon.
You worshipped Fedhas.
Fedhas was pleased with you.
You visited 1 branch of the dungeon, and saw 5 of its levels.

You collected 109 gold pieces.

Inventory:

Hand Weapons
 c - a +3 short sword of venom
 j - a +0 whip
 n - a +2 spear of venom
 p - a +2 short sword of draining (weapon)
Missiles
 A - 3 boomerangs
Armour
 a - a +0 robe (worn)
 b - a +1 robe of willpower
 d - a +0 leather armour
 q - a +0 cloak (worn)
 u - the +0 scale mail of the Lich-sworn {*Slow Dex+5 Slay+2}
   (You found it on level 2 of the Dungeon)

   Dex:       It affects your dexterity (+5).
   Slay:      It affects your accuracy & damage with ranged weapons and melee
   (+2).
   *Slow:     It may slow you when you take damage.
 y - a +0 pair of gloves (worn)
 D - a +0 scale mail
Magical Staves
 e - a staff of death
Jewellery
 r - a ring of wizardry (left hand)
 C - the ring of Hulithrim (right hand) {rN+ Will+}
   (You found it on level 4 of the Dungeon)

   [ring of positive energy]

   rN:        It protects you from negative energy.
   Will:      It increases your willpower.
Wands
 z - a wand of mindburst (7)
 B - a wand of roots (2)
Scrolls
 f - 5 scrolls of identify {unknown}
 g - a scroll of magic mapping {unknown}
 h - a scroll of summoning {unknown}
 i - a scroll of acquirement {unknown}
 k - a scroll of immolation {unknown}
 l - a scroll of noise {unknown}
 t - 3 scrolls of teleportation {unknown}
 x - a scroll of enchant weapon {unknown}
 E - 2 scrolls of fear {unknown}
 F - a scroll of vulnerability {unknown}
 H - a scroll of butterflies {unknown}
Potions
 m - a potion of lignification {unknown}
 o - a potion of brilliance {unknown}
 s - a potion of flight {unknown}
 v - a potion of degeneration {unknown}
 w - a potion of heal wounds {unknown}
 G - a potion of curing


   Skills:
 + Level 1.0 Fighting
 + Level 1.2 Short Blades
 + Level 0.2 Maces & Flails
 + Level 1.9 Dodging
 + Level 2.8 Stealth
 + Level 5.4 Spellcasting
 + Level 0.2 Hexes
 + Level 5.8 Summonings


You had 3 spell levels left.
You knew the following spells:

 Your Spells              Type           Power      Damage    Failure   Level
a - Summon Small Mammal   Summ           96%        N/A       1%          1
b - Summon Guardian Gole  Hex/Summ       14%        N/A       4%          3
c - Call Canine Familiar  Summ           24%        N/A       1%          3
d - Summon Ice Beast      Ice/Summ       14%        N/A       16%         4
e - Call Imp              Summ           24%        N/A       1%          2

Your spell library contained the following spells:

 Spells                   Type           Power      Damage    Failure   Level
 Sublimation of Blood     Necr           4%         N/A       9%          2
 Summon Lightning Spire   Summ/Air       14%        N/A       16%         4
 Airstrike                Air            2%         2d(1-17)  45%         4
 Petrify                  Tmut/Erth      4%         N/A       45%         4
 Irradiate                Conj/Tmut      2%         3d12      80%         5
 Lightning Bolt           Conj/Air       2%         1d13      80%         5


Dungeon Overview and Level Annotations

Branches:
Dungeon (5/15)             Temple (0/1) D:4

Altars:
Fedhas


Innate Abilities, Weirdness & Mutations

You have extremely sharp teeth.
Your natural rate of healing is unusually fast.
When hurt, damage is shared between your health and your magic reserves.
Your bite disrupts and absorbs the magic of your enemies.
Potions cannot restore your health.


Message History

Press: ? - help, Q - select action, (/) - cycle Shift-Dir - straight line, f - phantom
Aim: a phantom (lightly damaged, ally target, chance to affect: 47%)
The phantom resists with some effort.
Your hound bites the ogre.
The ogre hits your quokka with a +0 giant club!
Your quokka dies!
Your quokka's corpse disappears in a puff of smoke!
Your quokka misses the gnoll.
Your ice beast closely misses the gnoll.
The gnoll hits you with a +0 whip.
* * * LOW HITPOINT WARNING * * *
The gnoll closely misses you. The gnoll hits you but does no damage.
The gnoll barely misses you. The phantom hits you.
* * * LOW HITPOINT WARNING * * *
Your hound bites the ogre.
You hit the gnoll. You drain the gnoll.
The gnoll is severely wounded.
Your hound closely misses the ogre.
Your quokka closely misses the gnoll.
You hit the gnoll. You drain the gnoll. You bite the gnoll.
You kill the gnoll!
Fedhas appreciates your contribution to the ecosystem.
Your ice beast hits the gnoll.
Your ice beast freezes the gnoll!
The gnoll hits you but does no damage. The gnoll barely misses you. x2
The phantom barely misses you.
Your quokka closely misses the gnoll.
You hit the gnoll.
You kill the gnoll!
Fedhas appreciates your contribution to the ecosystem.
Your hound barely misses the ogre.
Your ice beast hits the gnoll.
Your ice beast freezes the gnoll!
The gnoll dies!
Fedhas appreciates your contribution to the ecosystem.
The phantom hits you.
* * * LOW HITPOINT WARNING * * *
The phantom blinks!
You blink.
Your Fighting skill increases to level 1!
You hit the phantom. Your bite misses the phantom.
The phantom is moderately damaged.
Something barely misses your quokka. The phantom hits you.
You die...
Fedhas appreciates your contribution to the ecosystem.

#..### ##....#
#.....# #9§...#
#.)...# # #.§.... #.
####.....#
#..#########g9Oh..$.#
#...@W...§r)...##.###
#.########Y)...# .#
#........# .#
#.##.....# .# #.....#
.# #######


You could see a phantom (ally target), a friendly ice beast (summoned,
sheltered) and a friendly quokka (summoned, sheltered).

Vanquished Creatures
  A scorpion (D:4)
  An orc priest (D:3)
  Ijyb (D:3)
  3 adders
  2 gnolls (D:5)
  A dart slug (D:2)
  3 orcs (D:3)
  A ball python (D:1)
  An endoplasm (D:4)
  A giant cockroach (D:4)
  5 goblins
  2 hobgoblins (D:2)
  5 jackals (D:1)
  2 kobolds (D:3)
  3 quokkas
  2 frilled lizards (D:3)
  2 rats
36 creatures vanquished.

Vanquished Creatures (collateral kills)
  A water moccasin (D:3)
  A scorpion (D:4)
  4 gnolls
  2 adders (D:2)
  2 dart slugs
  A worm (D:2)
  An orc (D:5)
  4 endoplasms
  6 hobgoblins
  A jackal (D:1)
  2 quokkas
  A ball python (D:4)
  2 bats
  A frilled lizard (D:1)
  2 goblins
  2 kobolds
  2 rats
35 creatures vanquished.

Vanquished Creatures (others)
  An orc wizard (D:3)
  3 orcs (D:3)
  A fungus (D:2)
  29 plants (D:2)
34 creatures vanquished.

Grand Total: 105 creatures vanquished

Notes
Turn   | Place    | Note
-------+----------+-------------------------------------------
     0 | D:1      | Nerdsrcool the Vine Stalker Summoner began the quest for
                  | the Orb.
     0 | D:1      | Reached XP level 1. HP: 9/9 MP: 4/4
   155 | D:1      | Reached XP level 2. HP: 13/13 MP: 6/6
   479 | D:1      | Got Sif Muna's Secrets of the Nimbus and Generation
   875 | D:1      | Reached XP level 3. HP: 15/16 MP: 4/8
  1062 | D:1      | Learned a level 3 spell: Summon Guardian Golem
  1066 | D:1      | Learned a level 3 spell: Call Canine Familiar
  1593 | D:2      | Identified the +0 scale mail of the Lich-sworn {*Slow Dex+5
                  | Slay+2}
  1630 | D:2      | Found a faded altar of an unknown god.
  1664 | D:2      | Prayed at the altar of an unknown god.
  1664 | D:2      | Became a worshipper of Fedhas Madash
  1664 | D:2      | Reached * piety under Fedhas
  1778 | D:2      | Gained mutation: Your natural rate of healing is unusually
                  | fast. [Vine Stalker growth]
  1778 | D:2      | Reached XP level 4. HP: 18/21 MP: 7/10
  2151 | D:3      | Noticed Ijyb
  2165 | D:3      | Killed Ijyb
  2166 | D:3      | Reached skill level 5 in Summonings
  2264 | D:3      | Reached XP level 5. HP: 24/24 MP: 11/11
  2322 | D:3      | Noticed a water moccasin
  2332 | D:3      | Killed a water moccasin
  2333 | D:3      | Reached XP level 6. HP: 27/29 MP: 8/13
  2474 | D:3      | Reached skill level 1 in Short Blades
  2540 | D:3      | Reached ** piety under Fedhas
  3048 | D:4      | Found a staircase to the Ecumenical Temple.
  3088 | D:4      | Learned a level 4 spell: Summon Ice Beast
  3089 | D:4      | Reached skill level 5 in Spellcasting
  3091 | D:4      | Learned a level 2 spell: Call Imp
  3351 | D:4      | Identified the ring of Hulithrim {rN+ Will+}
  3794 | D:4      | Reached XP level 7. HP: 26/32 MP: 8/16
  3859 | D:5      | Entered Level 5 of the Dungeon
  3867 | D:5      | HP: 1/32 [phantom (1)]
  3871 | D:5      | Reached skill level 1 in Fighting
  3871 | D:5      | Slain by a phantom

Illustrated notes

Levels and vault maps discovered:
D:1:      dpeg_arrival_stone_temple_mockup, layout_basic,
          amcnicky_mini_rare_corridor_liquid, chequers_garden, st_stairs_2
D:2:      layout_rooms, shapermc_ecumenical_altar_ellora, serial_bayou_lagoon_a
D:3:      layout_basic, uniq_ijyb
D:4:      layout_loops_cross, minmay_temple_entry_slanted
D:5:      layout_loops_ring, gammafunk_temple_overflow_claw, serial_shops,
          nicolae_shop_temple_entry_statues_fountains, grunt_decor_junction,
          ebering_dispersal_statue_hall

Skill      XL: |  1  2  3  4  5  6  7 |
---------------+----------------------+-----
Spellcasting   | 3 4 5 |  5.4
Summonings     | 5 |  5.8
Short Blades   | 1 |  1.2
Fighting       | 1 |  1.0
Maces & Flails | |  0.2
Dodging        | |  1.9
Stealth        | |  2.8
Hexes          | |  0.2

Action                   |  1- 3 |  4- 6 |  7- 9 || total
-------------------------+-------+-------+-------++-------
Melee: Unarmed           |    16 |       |       ||    16
       Bite              |    16 |    11 |     1 ||    28
       Whip              |    16 |       |       ||    16
       Short sword       |    27 |    71 |     5 ||   103
Throw: Boomerang         |       |     1 |       ||     1
 Cast: Summon Small Mamm |    51 |    55 |     2 ||   108
       Call Canine Famil |     1 |    12 |     1 ||    14
       Summon Guardian G |       |     6 |     1 ||     7
       Call Imp          |       |     3 |       ||     3
       Summon Ice Beast  |       |       |     1 ||     1
Evoke: Wand              |       |       |     1 ||     1
  Use: Potion            |       |     3 |       ||     3
 Stab: Distracted        |     2 |       |       ||     2
       Sleeping          |     1 |       |       ||     1
Armor: Robe              |    14 |    15 |     2 ||    31
Dodge: Dodged            |    32 |    33 |     9 ||    74

Table legend: (Time is in decaauts)
 A = Elapsed time spent in this place.
 B = Non-inter-level travel time spent in this place.
 C = Inter-level travel time spent in this place.
 D = Time resting spent in this place.
 E = Time spent auto-exploring this place.
 F = Levels seen in this place.
 G = Mean time per level.
                   A        B        C        D        E       F      G
               +--------+--------+--------+--------+--------+-----+--------+
         Total |   3888 |   3863 |     25 |     16 |   2831 |   5 |  777.6 |
       Dungeon |   3888 |   3863 |     25 |     16 |   2831 |   5 |  777.6 |
               +--------+--------+--------+--------+--------+-----+--------+

Top non-repeatable levels by time:
     D:1: 1146 daAuts
     D:3: 978 daAuts
     D:4: 951 daAuts
     D:2: 801 daAuts
     D:5: 11 daAuts
